 Dungeon Crawl Stone Soup version 0.29.1-15-g9cfb28693d (webtiles) character file.

Game seed: 8789097026012313581

627 H0rd4k the Insei (level 7, 0/48 HPs)
             Began as an Octopode Artificer on Mar 20, 2023.
             Killed from afar by an orc wizard (9 damage)
             ... with a magic dart
             ... on level 5 of the Dungeon.
             The game lasted 00:03:00 (5006 turns).

H0rd4k the Insei (Octopode Artificer)               Turns: 5006, Time: 00:03:01

Health: 0/48       AC:  1    Str: 10    XL:     7   Next: 48%
Magic:  12/12      EV: 13    Int: 15    God:
Gold:   282        SH:  0    Dex: 12    Spells: 13/13 levels left

rFire   x . .      SeeInvis .   t - +5 dagger of the Whelk {vamp, Stlth+}
rCold   + . .      Faith    .   (no shield)
rNeg    . . .      Spirit   .   (helmet restricted)
rPois   .          Reflect  .   (no amulet)
rElec   .          Harm     .   m - ring of ice
rCorr   .          Rampage  .   (no ring)
Will    .....                   (no ring)
Stlth   +++.......              (no ring)
HPRegen 0.16/turn               (no ring)
MPRegen 0.13/turn               (no ring)
                                (no ring)
                                (no ring)

@: confused
A: almost no armour, amphibious, 8 rings, camouflage 1, gelatinous body 1,
(nimble swimmer 1), tentacles, fangs 1, screaming 1, weak 1
a: no special abilities


You were on level 5 of the Dungeon.
You visited 1 branch of the dungeon, and saw 5 of its levels.

You collected 282 gold pieces.

Inventory:

Hand Weapons
 t - the +5 dagger of the Whelk (weapon) {vamp, Stlth+}
   (You found it on level 3 of the Dungeon)

   It occasionally heals its wielder for a portion of the damage dealt when it
   wounds a living foe.
   Stlth:     It makes you more stealthy.
Armour
 v - a +0 hat
Magical Staves
 l - a staff of fire
Jewellery
 m - a ring of ice (left tentacle)
 s - a +6 ring of dexterity
Wands
 b - a wand of flame (8) (quivered)
 c - a wand of charming (12)
 d - a wand of iceblast (2)
Scrolls
 e - a scroll of enchant weapon {unknown}
 f - a scroll of amnesia {unknown}
 g - 6 scrolls of identify {unknown}
 i - 2 scrolls of silence {unknown}
 j - a scroll of magic mapping {unknown}
 p - a scroll of poison {unknown}
 q - 3 scrolls of teleportation {unknown}
 u - a scroll of fear {unknown}
Potions
 a - a potion of mutation
 h - 2 potions of curing {unknown}
 k - a potion of brilliance {unknown}
 n - 2 potions of flight {unknown}
 o - a potion of degeneration {unknown}
 r - 3 potions of haste {unknown}


   Skills:
 * Level 4.1 Fighting
 * Level 1.7 Short Blades
 - Level 2.3 Dodging
 - Level 1.3 Stealth
 - Level 4.4 Unarmed Combat
 * Level 3.6 Spellcasting
 - Level 3.2 Evocations


You had 13 spell levels left.
You didn't know any spells.
Your spell library was empty.

Dungeon Overview and Level Annotations

Branches:
Dungeon (5/15)
 Temple: D:4-7

Altars:
Fedhas
Zin

Shops:
D:5 *

Annotations:
D:3 exclusion: downstairs


Innate Abilities, Weirdness & Mutations

You cannot wear most types of armour.
You are amphibious.
You can wear up to eight rings at the same time.
Your skin changes colour to match your surroundings (Stealth+).
Your rubbery body absorbs attacks. (AC +1, EV +1)
((You are camouflaged when in or above water. (Stealth+)))
You have tentacles for arms and can constrict up to eight enemies at once.
You have very sharp teeth.
You occasionally shout uncontrollably at your foes.
You are weak. (Str -2)


Message History

You kill the orc wizard!
The orc wizard gestures wildly while chanting.
The orc wizard flickers and vanishes!
Deactivating autopickup; reactivate with Ctrl-A.
The orc hits you with a +0 flail.
Your Fighting skill increases to level 4!
You hit the orc priest. Your grab misses the orc priest.
Your squeeze misses the orc priest.
The orc priest is moderately wounded.
The orc closely misses you. The orc priest misses you.
You barely miss the orc priest. You grab the orc priest.
The orc priest is lightly wounded.
You constrict the orc priest. The orc priest closely misses you.
You hit the orc priest.
You feel better.
You squeeze the orc priest!
The orc priest is almost dead.
You constrict the orc priest.
You kill the orc priest!
You closely miss something. Something barely misses you.
The orc closely misses you.
You hit something but do no damage. Something hits you. The orc misses you.
You miss something. Something hits you. The orc hits you with a +0 flail!
You barely miss something.
You hear some strange, mumbled words.
You are confused.
The orc hits you with a +0 flail. Something hits you but does no damage.
The orc barely misses you.
You barely miss the orc. You squeeze the orc!
You kill the orc!
You hear some strange, mumbled words.
A magic dart appears from out of thin air!
The magic dart hits you.
* * * LOW HITPOINT WARNING * * *
Something hits you.
* * * LOW HITPOINT WARNING * * *
It was a potion of mutation.
You feel extremely strange.
You feel weaker.
Your teeth lengthen and sharpen.
You feel the urge to shout.
You hear some strange, mumbled words.
A magic dart appears from out of thin air!
The magic dart hits you!
You die...

...............#
................
................
........?.....
#..........
#........#
#....)[..#
#........#
#.....{@.#
####.....# #.†...#
##...## ##.## #∩#
###### ##.## #....#
##...##
###....######.....#


There were no monsters in sight!

Vanquished Creatures
  Grinder (D:3)
  An ice beast (D:4)
  A necrophage (D:5)
  2 hounds (D:4)
  2 orc priests (D:5)
  2 orc wizards (D:5)
  2 adders
  3 worms
  2 dart slugs
  8 orcs
  8 ball pythons
  7 endoplasms
  5 giant cockroaches
  7 goblins
  3 hobgoblins
  3 jackals (D:1)
  2 quokkas
  4 bats
  3 frilled lizards
  3 kobolds
  4 rats
73 creatures vanquished.

Vanquished Creatures (collateral kills)
  An adder (D:3)
  3 orcs (D:3)
  An endoplasm (D:3)
5 creatures vanquished.

Vanquished Creatures (others)
  An orc priest (D:3)
  An adder (D:3)
2 creatures vanquished.

Grand Total: 80 creatures vanquished

Notes
Turn   | Place    | Note
-------+----------+-------------------------------------------
     0 | D:1      | H0rd4k the Octopode Artificer began the quest for the Orb.
     0 | D:1      | Reached XP level 1. HP: 13/13 MP: 1/1
   444 | D:1      | Reached XP level 2. HP: 14/18 MP: 1/3
   449 | D:1      | Reached skill level 1 in Spellcasting
   675 | D:1      | Found a faded altar of an unknown god.
  1196 | D:1      | Reached XP level 3. HP: 24/24 MP: 3/5
  1805 | D:2      | Reached skill level 1 in Unarmed Combat
  1959 | D:2      | Identified the +1 ring mail "Jochuc" {rC++ Dex+7 Stlth-}
  2719 | D:3      | Noticed Grinder
  2726 | D:3      | Reached XP level 4. HP: 15/29 MP: 6/6
  2735 | D:3      | Killed Grinder
  2736 | D:3      | Reached XP level 5. HP: 19/36 MP: 6/8
  2736 | D:3      | Reached XP level 6. HP: 22/42 MP: 6/9
  2895 | D:3      | Identified the +5 dagger of the Whelk {vamp, Stlth+}
  3106 | D:3      | Found a glowing silver altar of Zin.
  4062 | D:4      | Noticed an ice beast
  4267 | D:4      | Killed an ice beast
  4361 | D:4      | Reached XP level 7. HP: 46/46 MP: 11/11
  4651 | D:5      | Entered Level 5 of the Dungeon
  4655 | D:5      | Found a blossoming altar of Fedhas.
  4670 | D:5      | Reached skill level 1 in Short Blades
  4973 | D:5      | Found Afrigan's Neck Hole.
  5006 | D:5      | Gained mutation: You are weak. (Str -2) [potion of
                  | mutation]
  5006 | D:5      | Gained mutation: You have very sharp teeth. [potion of
                  | mutation]
  5006 | D:5      | Gained mutation: You occasionally shout uncontrollably at
                  | your foes. [potion of mutation]
  5006 | D:5      | Killed from afar by an orc wizard

Illustrated notes

Levels and vault maps discovered:
D:1:      minmay_arrival_stair_chambers, layout_basic,
          ebering_ecumenical_altar_sacrificial, serial_bayou_pond_b
D:2:      layout_basic
D:3:      minmay_bubble_buster, layout_basic, lemuel_round_altar, uniq_grinder
D:4:      layout_rooms
D:5:      layout_basic, mainiacjoe_overflow_cross_hatched,
          minmay_temple_entry_arrows, gammafunk_ghost_mausoleum,
          nrook_mini_vaults, nicolae_shop_sticking_my_neck_out

Skill      XL: |  1  2  3  4  5  6  7 |
---------------+----------------------+-----
Spellcasting   | 1 2 3 |  3.6
Fighting       | 2 3 4 |  4.1
Unarmed Combat | 1 3 4 |  4.4
Short Blades   | 1 |  1.7
Dodging        | |  2.3
Stealth        | |  1.3
Evocations     | |  3.2

Action                   |  1- 3 |  4- 6 |  7- 9 || total
-------------------------+-------+-------+-------++-------
Melee: Unarmed           |    89 |    47 |       ||   136
       Tentacles         |    27 |    11 |     9 ||    47
       Constrict         |    21 |    15 |     8 ||    44
       Dagger            |       |     7 |    37 ||    44
       Punch             |       |       |     1 ||     1
Evoke: Wand              |     1 |    12 |       ||    13
  Use: Potion            |       |       |     1 ||     1
 Stab: Sleeping          |     9 |     9 |     2 ||    20
Armor: Skin              |     4 |       |     2 ||     6
Dodge: Dodged            |    39 |    26 |    22 ||    87
